 Dungeon Crawl Stone Soup version 0.18-a0-1044-g2bb894f (webtiles) character file.

107 Mysteryquy the Cutter (level 5, -1/32 HPs)
             Began as a Kobold Fighter on Jan 11, 2016.
             Killed from afar by an orc wizard (12 damage)
             ... with a puff of flame
             ... on level 3 of the Dungeon.
             The game lasted 00:03:28 (1201 turns).

Mysteryquy the Cutter (Kobold Fighter)              Turns: 1201, Time: 00:03:29

Health: -1/32      AC:  6    Str: 15    XL:     5   Next: 11%
Magic:  5/5        EV:  8    Int:  6    God:
Gold:   80         SH:  9    Dex: 16    Spells: 0 memorised, 4 levels left

rFire  . . .     SeeInvis .     a - +0 rapier
rCold  . . .     Gourm    .     b - +0 scale mail
rNeg   . . .     Faith    .     c - +0 shield
rPois  .         Spirit   .     (no helmet)
rElec  .         Dismiss  .     (no cloak)
rCorr  .         Reflect  .     (no gloves)
SustAt .         Harm     .     (no boots)
MR     .....                    (no amulet)
Stlth  ..........               (no ring)
                                (no ring)

@: not resistant to hostile enchantments, extremely unstealthy
A: carnivore 3
a: no special abilities


You were on level 3 of the Dungeon.
You were full.

You visited 1 branch of the dungeon, and saw 3 of its levels.

You collected 80 gold pieces.

Inventory:

Hand Weapons
 a - a +0 rapier (weapon)
Armour
 b - a +0 scale mail (worn)
 c - a +0 shield (worn)
Scrolls
 h - a scroll of random uselessness {unknown}
 j - 3 scrolls of identify {unknown}
 l - a scroll of magic mapping {unknown}
 m - a scroll of remove curse {unknown}
 n - a scroll of teleportation {unknown}
Potions
 d - 2 potions of might
 e - 2 potions of curing {unknown}
 g - a potion of brilliance {unknown}
 i - a potion of flight {unknown}
 k - a potion of mutation {unknown}
Comestibles
 f - 2 meat rations
 o - a slice of pizza


   Skills:
 - Level 3.2 Fighting
 + Level 6.4 Short Blades
 - Level 2.4 Armour
 - Level 2.4 Shields


You had 4 spell levels left.
You didn't know any spells.

Dungeon Overview and Level Annotations

Branches:
Dungeon (3/15)

Altars:


Innate Abilities, Weirdness & Mutations

You are small and have problems with some larger weapons.
You are carnivorous and can eat meat at any time.


Message History

Something hits you.
You hit something. Something completely misses you.
You closely miss something. Something completely misses you.
You hit something. You block its attack.
You miss something. Something hits you but does no damage.
You closely miss something. Something hits you but does no damage.
You miss something.
You hear some strange, mumbled words.
A magic dart appears from out of thin air!
The magic dart hits you!
You closely miss something. Something hits you but does no damage.
You barely miss something. You block its attack.
You closely miss something. Something hits you but does no damage.
You hit something but do no damage. Something hits you but does no damage.
You closely miss something. Something hits you.
You hit something.
You hear some strange, mumbled words.
A puff of flame appears from out of thin air!
The puff of flame hits you!
You die...

####### #.).#....#..
#.....###...#########
+................
#.....##########.
#.....# #....####
#..(....# .
#.......############....
##.#.........((†@{ool...
#.#.###############g...
#.#.# . ..#.# # #.# #.


You could see 2 orcs, a giant gecko and a hobgoblin.

Vanquished Creatures
  An orc wizard (D:3)
  An adder (D:2)
  An ooze (D:2)
  A worm (D:2)
  3 giant geckos
  2 orcs (D:3)
  6 bats
  3 giant cockroaches
  8 goblins
  9 hobgoblins
  4 jackals (D:1)
  6 kobolds
  A ball python (D:3)
  3 giant newts (D:1)
  5 rats
54 creatures vanquished.

Notes
Turn   | Place    | Note
--------------------------------------------------------------
     0 | D:1      | Mysteryquy the Kobold Fighter began the quest for the Orb.
     0 | D:1      | Reached XP level 1. HP: 14/14 MP: 1/1
   119 | D:1      | Reached XP level 2. HP: 19/19 MP: 2/2
   159 | D:1      | Reached skill level 4 in Short Blades
   299 | D:1      | Reached XP level 3. HP: 23/23 MP: 3/3
   686 | D:2      | Reached skill level 5 in Short Blades
   690 | D:2      | Reached XP level 4. HP: 26/28 MP: 4/4
  1182 | D:3      | Reached skill level 6 in Short Blades
  1182 | D:3      | Reached XP level 5. HP: 22/32 MP: 5/5
  1201 | D:3      | Killed from afar by an orc wizard

Vault maps used:
D:1:      tarquinn_simple_flora_water_a, st_stairs_8
D:2:      st_stairs_9, kennysheep_generic_room_3

Action                   |  1- 3 |  4- 6 || total
-------------------------+-------+-------++-------
Melee: Rapier            |   104 |    90 ||   194
  Eat: Chunk             |     6 |     1 ||     7
